EL
AKRON RUBBERDUCKS @ PORTLAND SEA DOGS
07/09/2048
 
TOP OF THE 1ST
Akron RubberDucks batting - Pitching for Portland Sea Dogs : RHP Justin Swenson
Pitching: RHP Justin Swenson
Batting: RHB Solange Le Coq 0-0: Ball
1-0: Foul Ball, location: 2F
1-1: Foul Ball, location: 2F
1-2: Ball
2-2: Foul Ball, location: 2F
2-2: Foul Ball, location: 2F
2-2: Ball
3-2: Foul Ball, location: 2F
3-2: Ground out 5-3 (Groundball, 56, EV 80.6 MPH)
Batting: RHB Mitch Boyd 0-0: Called Strike
0-1: Called Strike
0-2: Strikes out looking
Batting: SHB Valentin Laporte 0-0: Ball
1-0: Called Strike
1-1: Foul Ball, location: 2F
1-2: Foul Ball, location: 2F
1-2: Ball
2-2: Ground out 6-3 (Groundball, 6, EV 80.6 MPH)
Top of the 1st over - 0 runs, 0 hits, 0 errors, 0 left on base; Akron 0 - Portland 0
BOTTOM OF THE 1ST
Portland Sea Dogs batting - Pitching for Akron RubberDucks : RHP Yuri Bijleveld
Pitching: RHP Yuri Bijleveld
Batting: LHB Dave Reyes 0-0: Ground out 3-1 (Groundball, 34S, EV 70.6 MPH)
Batting: LHB Sergio Tinoco 0-0: Ball
1-0: Ball
2-0: Ball
3-0: Base on Balls
Batting: RHB Dave Burwell 0-0: Foul Ball, location: 2F
0-1: Ball
1-1: Ball
2-1: Ball
3-1: Swinging Strike
3-2: Strikes out swinging
Batting: LHB David Moore 0-0: Ball
1-0: DOUBLE (Line Drive, 7LS, EV 106.2 MPH)
Sergio Tinoco to third
Runner from 3rd tries for Home, SAFE, throw by LF to trailing runner, OUT at third! 7-3-5
Bottom of the 1st over - 1 run, 1 hit, 0 errors, 0 left on base; Akron 0 - Portland 1
TOP OF THE 2ND
Akron RubberDucks batting - Pitching for Portland Sea Dogs : RHP Justin Swenson
Batting: LHB Frank Hill 0-0: Swinging Strike
0-1: Swinging Strike
0-2: Ball
1-2: Strikes out swinging
Batting: RHB Justin Lauderdale 0-0: Ball
1-0: Ball
2-0: Ball
3-0: Base on Balls
Batting: RHB Alex Vasquez 0-0: Fly out, F9 (Line Drive, 9, EV 91.2 MPH)
Batting: RHB Jose Valtierra 0-0: Called Strike
0-1: Swinging Strike
0-2: Foul Ball, location: 2F
0-2: Strikes out looking
Top of the 2nd over - 0 runs, 0 hits, 0 errors, 1 left on base; Akron 0 - Portland 1
BOTTOM OF THE 2ND
Portland Sea Dogs batting - Pitching for Akron RubberDucks : RHP Yuri Bijleveld
Batting: RHB Travis Campbell 0-0: Called Strike
0-1: Ball
1-1: Called Strike
1-2: Ball
2-2: Foul Ball, location: 2F
2-2: Ground out 6-3 (Groundball, 6S, EV 71.9 MPH)
Batting: RHB Miguel Villanueva 0-0: Ball
1-0: Ground out 6-3 (Groundball, 6M, EV 105.6 MPH)
Batting: RHB Frank Sokolosky 0-0: DOUBLE (Line Drive, 89D, EV 110.6 MPH)
Batting: RHB Josh Helman 0-0: Called Strike
0-1: Ball
1-1: Foul Ball, location: 2F
1-2: Strikes out swinging
Bottom of the 2nd over - 0 runs, 1 hit, 0 errors, 1 left on base; Akron 0 - Portland 1
TOP OF THE 3RD
Akron RubberDucks batting - Pitching for Portland Sea Dogs : RHP Justin Swenson
Batting: RHB Joeri Plas 0-0: Foul Ball, location: 2F
0-1: Ball
1-1: Ball
2-1: DOUBLE (Flyball, 78XD, EV 108.8 MPH)
Batting: SHB Javon Mitchell 0-0: Ball
1-0: Ground out 4-3 (Groundball, 34, EV 101.9 MPH)
Joeri Plas to third
Batting: RHB Solange Le Coq 0-0: Called Strike
0-1: Ball
1-1: Ball
2-1: Swinging Strike
2-2: Ball
3-2: Ground out 6-3 (Groundball, 56, EV 104.4 MPH)
Joeri Plas scores
Batting: RHB Mitch Boyd 0-0: Foul Ball, location: 2F
0-1: Ground out 6-3 (Groundball, 6, EV 95.6 MPH)
Top of the 3rd over - 1 run, 1 hit, 0 errors, 0 left on base; Akron 1 - Portland 1
BOTTOM OF THE 3RD
Portland Sea Dogs batting - Pitching for Akron RubberDucks : RHP Yuri Bijleveld
Batting: SHB Gus Cruz 0-0: Ball
1-0: Ball
2-0: Ball
3-0: Foul Ball, location: 2F
3-1: Called Strike
3-2: Base on Balls
Batting: LHB Dave Reyes 0-0: Ball
1-0: Ball
2-0: Ball
3-0: Called Strike
3-1: Fly out, F8 (Flyball, 8LM, EV 88.1 MPH)
Batting: LHB Sergio Tinoco 0-0: Fielders Choice at 2nd, 4-6 (Groundball, 4, EV 108.1 MPH)
Batting: RHB Dave Burwell 0-0: SINGLE (Groundball, 4D, EV 105.6 MPH)
Sergio Tinoco to second
Runner from 2nd tries for 3rd, SAFE, throw by RF made to third
Batting: LHB David Moore 0-0: Ball
1-0: Called Strike
1-1: Foul Ball, location: 2F
1-2: Ground out 4-3 (Groundball, 4, EV 84.4 MPH)
Bottom of the 3rd over - 0 runs, 1 hit, 0 errors, 2 left on base; Akron 1 - Portland 1
TOP OF THE 4TH
Akron RubberDucks batting - Pitching for Portland Sea Dogs : RHP Justin Swenson
Batting: SHB Valentin Laporte 0-0: Called Strike
0-1: Foul Ball, location: 2F
0-2: Foul Ball, location: 2F
0-2: SINGLE (Groundball, 56D, EV 97.5 MPH)
Batting: LHB Frank Hill 0-0: Called Strike
0-1: Foul Ball, location: 2F
0-2: Ball
Wild Pitch!
Valentin Laporte to second
1-2: Foul Ball, location: 2F
1-2: Strikes out looking
Batting: RHB Justin Lauderdale 0-0: Called Strike
0-1: Ball
1-1: Called Strike
1-2: Ball
2-2: Foul Ball, location: 2F
2-2: Ball
3-2: Foul Ball, location: 2F
3-2: Foul Ball, location: 2F
3-2: Strikes out looking
Batting: RHB Alex Vasquez 0-0: Ball
1-0: Foul Ball, location: 2F
1-1: Ball
2-1: Foul Ball, location: 2F
2-2: Ball
3-2: Base on Balls
Batting: RHB Jose Valtierra 0-0: Foul Ball, location: 2F
0-1: Ball
1-1: Swinging Strike
1-2: Strikes out swinging
Top of the 4th over - 0 runs, 1 hit, 0 errors, 2 left on base; Akron 1 - Portland 1
BOTTOM OF THE 4TH
Portland Sea Dogs batting - Pitching for Akron RubberDucks : RHP Yuri Bijleveld
Batting: RHB Travis Campbell 0-0: Fly out, F8 (Flyball, 8LD, EV 95.6 MPH)
Batting: RHB Miguel Villanueva 0-0: Called Strike
0-1: SINGLE (Groundball, 4D, EV 101.9 MPH)
Batting: RHB Frank Sokolosky 0-0: Hit by Pitch
Miguel Villanueva to second
Batting: RHB Josh Helman 0-0: Called Strike
0-1: Called Strike
0-2: Ball
Wild Pitch!
Miguel Villanueva to third
Frank Sokolosky to second
1-2: Ground out 6-3 (Groundball, P, EV 78.8 MPH)
Miguel Villanueva scores
Frank Sokolosky to third
Batting: SHB Gus Cruz 0-0: Called Strike
0-1: Foul Ball, location: 2F
0-2: Ground out 4-3 (Groundball, 34D, EV 104.4 MPH)
Bottom of the 4th over - 1 run, 1 hit, 0 errors, 1 left on base; Akron 1 - Portland 2
TOP OF THE 5TH
Akron RubberDucks batting - Pitching for Portland Sea Dogs : RHP Justin Swenson
Batting: RHB Joeri Plas 0-0: Called Strike
0-1: Ball
1-1: Called Strike
1-2: Ball
2-2: Ball
3-2: Strikes out swinging
Batting: SHB Javon Mitchell 0-0: Ball
1-0: SINGLE (Groundball, 5D, EV 95.0 MPH)
Batting: RHB Solange Le Coq 0-0: Ball
1-0: Fly out, F3 (Line Drive, 3, EV 68.1 MPH)
Batting: RHB Mitch Boyd 0-0: Ball
1-0: Ball
2-0: Ball
3-0: Base on Balls
Javon Mitchell to second
Batting: SHB Valentin Laporte 0-0: Ball
1-0: Ball
2-0: Swinging Strike
2-1: Foul Ball, location: 2F
2-2: Ball
3-2: Foul Ball, location: 2F
3-2: Base on Balls
Javon Mitchell to third
Mitch Boyd to second
Pitching: LHP Kevin Turner
Pinch Hitting: RHB Rico Coss 0-0: TRIPLE (Flyball, 8RXD, EV 97.5 MPH)
Javon Mitchell scores
Mitch Boyd scores
Valentin Laporte scores
Batting: RHB Justin Lauderdale 0-0: Swinging Strike
0-1: Ball
1-1: Swinging Strike
1-2: SINGLE (Groundball, 56D, EV 95.0 MPH)
Rico Coss scores
Batting: RHB Alex Vasquez 0-0: Called Strike
0-1: Foul Ball, location: 2F
0-2: SINGLE (Groundball, 56D, EV 111.2 MPH)
Justin Lauderdale to second
Batting: RHB Jose Valtierra 0-0: Ball
1-0: Foul Ball, location: 2F
1-1: Foul Ball, location: 2F
1-2: Strikes out looking
Top of the 5th over - 4 runs, 4 hits, 0 errors, 2 left on base; Akron 5 - Portland 2
BOTTOM OF THE 5TH
Portland Sea Dogs batting - Pitching for Akron RubberDucks : RHP Yuri Bijleveld
Now in RF: Chris Folse
Batting: LHB Dave Reyes 0-0: Fly out, F8 (Flyball, 8RS, EV 95.6 MPH)
Batting: LHB Sergio Tinoco 0-0: Ball
1-0: Foul Ball, location: 2F
1-1: Swinging Strike
1-2: Foul Ball, location: 2F
1-2: Ball
2-2: Ball
3-2: Base on Balls
Batting: RHB Dave Burwell 0-0: SINGLE (Groundball, 6MD, EV 104.4 MPH)
Sergio Tinoco to second
Batting: LHB David Moore 0-0: Called Strike
Sergio Tinoco steals 3rd base
Dave Burwell to second
0-1: Ball
1-1: Ball
2-1: Swinging Strike
2-2: Foul Ball, location: 2F
2-2: Foul Ball, location: 2F
2-2: Foul Ball, location: 2F
2-2: Ground out 4-3 (Groundball, 4, EV 85.6 MPH)
Sergio Tinoco scores
Dave Burwell to third
Batting: RHB Travis Campbell 0-0: Called Strike
0-1: Called Strike
0-2: Ground out 5-3 (Groundball, 56S, EV 86.2 MPH)
Bottom of the 5th over - 1 run, 1 hit, 0 errors, 1 left on base; Akron 5 - Portland 3
TOP OF THE 6TH
Akron RubberDucks batting - Pitching for Portland Sea Dogs : LHP Kevin Turner
Batting: RHB Joeri Plas 0-0: Called Strike
0-1: Ball
1-1: Ground out 1-3 (Groundball, 15S, EV 60.6 MPH)
Batting: SHB Javon Mitchell 0-0: Called Strike
0-1: Ball
1-1: Foul Ball, location: 2F
1-2: Foul Ball, location: 2F
1-2: Ball
2-2: Foul Ball, location: 2F
2-2: Ground out 5-3 (Groundball, 56, EV 100.6 MPH)
Batting: RHB Solange Le Coq 0-0: Ball
1-0: Foul Ball, location: 2F
1-1: Ball
2-1: Swinging Strike
2-2: Foul Ball, location: 2F
2-2: Foul Ball, location: 2F
2-2: Ball
3-2: Foul Ball, location: 2F
3-2: Base on Balls
Pitching: RHP Juan Mejia
Batting: RHB Mitch Boyd 0-0: Called Strike
0-1: Ball
Solange Le Coq is caught stealing 2nd base 2-4
Top of the 6th over - 0 runs, 0 hits, 0 errors, 0 left on base; Akron 5 - Portland 3
BOTTOM OF THE 6TH
Portland Sea Dogs batting - Pitching for Akron RubberDucks : RHP Yuri Bijleveld
Batting: RHB Miguel Villanueva 0-0: Ground out 6-3 (Groundball, 6, EV 105.0 MPH)
Batting: RHB Frank Sokolosky 0-0: Ball
1-0: Ball
2-0: Foul Ball, location: 2F
2-1: Ground out U3 (Groundball, 3, EV 87.5 MPH)
Batting: RHB Josh Helman 0-0: Called Strike
0-1: Swinging Strike
0-2: Ball
1-2: Ball
2-2: Ground out 3-1 (Groundball, 34, EV 88.8 MPH)
Bottom of the 6th over - 0 runs, 0 hits, 0 errors, 0 left on base; Akron 5 - Portland 3
TOP OF THE 7TH
Akron RubberDucks batting - Pitching for Portland Sea Dogs : RHP Juan Mejia
Batting: RHB Mitch Boyd 0-0: Called Strike
0-1: Ball
1-1: Ground out U3 (Groundball, 34S, EV 75.0 MPH)
Batting: SHB Valentin Laporte 0-0: Called Strike
0-1: Ball
1-1: Ball
2-1: Ball
3-1: Foul Ball, location: 2F
3-2: Ground out 5-3 (Groundball, 56, EV 105.6 MPH)
Batting: RHB Chris Folse 0-0: Foul Ball, location: 2F
0-1: Ball
1-1: Foul Ball, location: 2F
1-2: SOLO HOME RUN (Flyball, 78XD, EV 108.1 MPH), Distance : 416 ft
Batting: RHB Justin Lauderdale 0-0: Called Strike
0-1: Ball
1-1: Swinging Strike
1-2: Ground out 5-3 (Groundball, 15, EV 87.5 MPH)
Top of the 7th over - 1 run, 1 hit, 0 errors, 0 left on base; Akron 6 - Portland 3
BOTTOM OF THE 7TH
Portland Sea Dogs batting - Pitching for Akron RubberDucks : RHP Yuri Bijleveld
Batting: SHB Gus Cruz 0-0: Called Strike
0-1: Ground out 4-3 (Groundball, 34D, EV 88.8 MPH)
Batting: LHB Dave Reyes 0-0: Ball
1-0: Ball
2-0: Fly out, F9 (Flyball, 9, EV 88.8 MPH)
Batting: LHB Sergio Tinoco 0-0: Called Strike
0-1: Ball
1-1: Ball
2-1: Fly out, F8 (Flyball, 8LXD, EV 108.1 MPH)
Bottom of the 7th over - 0 runs, 0 hits, 0 errors, 0 left on base; Akron 6 - Portland 3
TOP OF THE 8TH
Akron RubberDucks batting - Pitching for Portland Sea Dogs : RHP Juan Mejia
Pitching: LHP Jon Convery
Batting: RHB Alex Vasquez 0-0: Called Strike
0-1: Ball
1-1: Ball
2-1: Called Strike
2-2: Foul Ball, location: 2F
2-2: Foul Ball, location: 2F
2-2: Fly out, F7 (Flyball, 7, EV 91.2 MPH)
Batting: RHB Jose Valtierra 0-0: Ball
1-0: Called Strike
1-1: Ball
2-1: Called Strike
2-2: Ball
3-2: Strikes out swinging
Batting: RHB Joeri Plas 0-0: Hit by Pitch
Batting: SHB Javon Mitchell 0-0: Ball
1-0: Called Strike
1-1: Ball
2-1: Ball
3-1: Foul Ball, location: 2F
3-2: Ground out 4-3 (Groundball, 34S, EV 81.9 MPH)
Top of the 8th over - 0 runs, 0 hits, 0 errors, 1 left on base; Akron 6 - Portland 3
BOTTOM OF THE 8TH
Portland Sea Dogs batting - Pitching for Akron RubberDucks : RHP Yuri Bijleveld
Now at 1B: Willie Gonzales
Batting: RHB Dave Burwell 0-0: Ball
1-0: Fly out, F9 (Flyball, 9LS, EV 90.6 MPH)
Batting: LHB David Moore 0-0: Called Strike
0-1: Ball
1-1: Swinging Strike
1-2: Ground out 4-3 (Groundball, 34, EV 79.4 MPH)
Batting: RHB Travis Campbell 0-0: Foul Ball, location: 2F
0-1: Ball
1-1: Ball
2-1: Foul Ball, location: 2F
2-2: Ball
3-2: Ground out 4-3 (Groundball, 4S, EV 84.4 MPH)
Bottom of the 8th over - 0 runs, 0 hits, 0 errors, 0 left on base; Akron 6 - Portland 3
TOP OF THE 9TH
Akron RubberDucks batting - Pitching for Portland Sea Dogs : LHP Jon Convery
Batting: RHB Solange Le Coq 0-0: Called Strike
0-1: Ball
1-1: Ball
2-1: SINGLE (Groundball, 56D, EV 101.9 MPH)
Batting: RHB Mitch Boyd 0-0: Ball
Solange Le Coq steals 2nd base
1-0: Ball
2-0: Called Strike
2-1: Ball
3-1: Bunted foul
3-2: Fly out, F9 (Flyball, 9S, EV 80.0 MPH)
Batting: SHB Valentin Laporte 0-0: Called Strike
Solange Le Coq steals 3rd base
0-1: Ball
1-1: 2-RUN HOME RUN (Flyball, 9LD, EV 95.6 MPH), Distance : 344 ft
Batting: RHB Chris Folse 0-0: Swinging Strike
0-1: Ball
1-1: Called Strike
1-2: Strikes out swinging
Batting: RHB Justin Lauderdale 0-0: Foul Ball, location: 2F
0-1: Foul Ball, location: 2F
0-2: Strikes out swinging
Top of the 9th over - 2 runs, 2 hits, 0 errors, 0 left on base; Akron 8 - Portland 3
BOTTOM OF THE 9TH
Portland Sea Dogs batting - Pitching for Akron RubberDucks : RHP Yuri Bijleveld
Pitching: RHP Danny Bustos
Batting: RHB Miguel Villanueva 0-0: Called Strike
0-1: Ground out 4-3 (Groundball, 4D, EV 104.4 MPH)
Batting: RHB Frank Sokolosky 0-0: Called Strike
0-1: Ball
1-1: Fly out, F8 (Flyball, 8LD, EV 95.6 MPH)
Batting: RHB Josh Helman 0-0: Swinging Strike
0-1: Ball
1-1: Foul Ball, location: 2F
1-2: Strikes out swinging
Bottom of the 9th over - 0 runs, 0 hits, 0 errors, 0 left on base; Akron 8 - Portland 3
Tuesday, March 28th , 2023 - OOTP Baseball 23.10 Build 110